 Dungeon Crawl Stone Soup version 0.30-a0-591-g3c58d2bc28 (webtiles) character file.

Game seed: 8107988118387206214

1993 IdlyInterested the Sneak (level 9, -1/99 HPs)
             Began as a Demonspawn Berserker on Jan 4, 2023.
             Was a Priest of Trog.
             Slain by an adder (2 damage)
             ... on level 6 of the Dungeon.
             The game lasted 00:21:58 (6077 turns).

IdlyInterested the Sneak (Demonspawn Berserker)     Turns: 6077, Time: 00:21:58

Health: -1/99      AC:  6    Str: 18    XL:     9   Next: 1%
Magic:  9/9        EV: 13    Int:  8    God:    Trog [***...]
Gold:   32         SH:  0    Dex: 23    Spells: 8/8 levels left

rFire   . . .      SeeInvis .    e - +2 short sword (venom)
rCold   + . .      Faith    .    (no shield)
rNeg    + . .      Spirit   .    F - +1 leather armour {rN+}
rPois   .          Reflect  .    (helmet restricted)
rElec   .          Harm     .    (no cloak)
rCorr   .          Rampage  .    (no gloves)
Will    .....                    b - +0 pair of boots Stlth
                                 m - amulet of magic regeneration
HPRegen 0.36/turn                k - +6 ring of dexterity
MPRegen 0.51/turn                H - ring of protection from cold

@: mighty, berserking (expiring), very quick
A: antennae 1, rugged brown scales 1, foul stench 2, powered by pain 1
a: Renounce Religion, Berserk, Trog's Hand


You were on level 6 of the Dungeon.
You worshipped Trog.
Trog was most pleased with you.
You visited 2 branches of the dungeon, and saw 7 of its levels.
You also visited: Ossuary.

You collected 578 gold pieces.
You spent 546 gold pieces at shops.

Inventory:

Hand Weapons
 e - a +2 short sword of venom (weapon)
 g - a +0 dagger of protection
 u - a +4 great sword of freezing
 G - a +1 hand axe of flaming
 M - a +0 rapier
Missiles
 f - 23 stones (quivered)
 i - 5 poisoned darts
Armour
 b - a +0 pair of boots (worn)
 F - a +1 leather armour of positive energy (worn)
Jewellery
 k - a +6 ring of dexterity (left hand)
 m - an amulet of magic regeneration (around neck)
 s - a ring of ice
 H - a ring of protection from cold (right hand)
Wands
 q - a wand of roots (10)
Scrolls
 c - a scroll of immolation {unknown}
 d - 3 scrolls of fog
 o - 3 scrolls of fear {unknown}
 p - a scroll of butterflies {unknown}
 r - 2 scrolls of enchant armour {unknown}
 t - a scroll of noise {unknown}
 x - 2 scrolls of acquirement {unknown}
 y - a scroll of brand weapon {unknown}
 B - a scroll of blinking {unknown}
 C - a scroll of silence {unknown}
 D - a scroll of identify
 I - 2 scrolls of magic mapping
 L - a scroll of poison {unknown}
Potions
 h - 2 potions of flight
 j - 3 potions of mutation
 l - a potion of ambrosia
 n - 2 potions of cancellation
 v - 3 potions of curing
 w - 4 potions of invisibility
 z - a potion of might
 A - a potion of berserk rage
 E - 3 potions of attraction
 J - a potion of lignification
 K - a potion of heal wounds


   Skills:
 * Level 4.2 Fighting
 - Level 6.0 Short Blades
 * Level 2.1 Throwing
 - Level 3.0 Armour
 - Level 3.0 Dodging
 * Level 7.8 Stealth
 - Level 3.0 Evocations


You had 8 spell levels left.
You didn't know any spells.
Your spell library was empty.

Dungeon Overview and Level Annotations

Branches:
Dungeon (6/15)             Temple (1/1) D:5         Ossuary (visited)

Altars:
Ashenzari
Cheibriados
Fedhas
Gozag
Hepliaklqana
Makhleb
Nemelex Xobeh
Okawaru
Ru
Sif Muna
Trog
Uskayaw
Wu Jian
Yredelemnul

Shops:
D:2 !


Innate Abilities, Weirdness & Mutations

You have a pair of small antennae on your head.
You are partially covered in rugged brown scales. (AC +1, +3% HP)
You sometimes emit foul miasma when damaged in melee.
You sometimes gain a little power by taking damage.


Message History

The orc warrior is severely wounded.
The orc warrior closely misses you. The orc hits you but does no damage.
The orc closely misses you. x2; The ufetubus misses you.
The ufetubus hits you but does no damage.
You barely miss the orc warrior.
The orc warrior is almost dead.
The ufetubus barely misses you. The ufetubus misses you.
You hit the orc warrior.
The orc warrior looks as sick as possible!
The orc warrior is almost dead.
You kill the orc warrior!
Trog accepts your kill. The orc closely misses you. The orc misses you.
The orc barely misses you.
You have reached level 9!
Your experience leads to an increase in your attributes!
Your base attributes are Str 18, Int 8, Dex 15.
Increase (S)trength, (I)ntelligence, or (D)exterity?
You feel agile. x2; Your demonic ancestry asserts itself...
Your foul stench grows more powerful.
You puncture the orc!
You kill the orc!
Trog accepts your kill. The ufetubus misses you.
The ufetubus barely misses you. The adder barely misses you.
You puncture the orc!
You kill the orc!
Trog accepts your kill. The orc closely misses you.
The ufetubus barely misses you.
The ufetubus hits you but does no damage.
You hit the scorpion but do no damage.
The scorpion is poisoned.
The adder bites you but does no damage.
You barely miss the orc. The ufetubus closely misses you.
The ufetubus completely misses you. The scorpion stings you.
* * * LOW HITPOINT WARNING * * *
You emit a cloud of foul miasma!
The orc hits you but does no damage.
You puncture the orc!
You kill the orc!
Trog accepts your kill. The adder bites you.
You die...

#...#.##...
#####...#.# ..
#........#.# .#
#>.......# . .####.
#........#####......
#..............##.##
#......#..<.........
####...#.....)......
#.#.#....@S......
#.#.#...5s)...... #
...............
#..............
#..########..#. #..
..# #. ... .#


You could see a scorpion (very poisoned), an adder and an ufetubus.

Vanquished Creatures
  Pikel (D:4)
  Grinder (D:4)
  Eustachio (D:5)
  Edmund (D:4)
  Duvessa (D:5)
  An orc warrior (D:6)
  Blork the orc (D:5)
  5 wights (D:5)
  Dowan (D:5)
  A hound (D:4)
  3 jellies
  An orc priest (D:4)
  3 iguanas (D:5)
  2 orc wizards
  8 mummies (Ossuary)
  Robin (D:2)
  4 gnolls (D:3)
  3 adders
  An ufetubus (D:5)
  11 orcs
  6 ball pythons
  5 endoplasms
  4 giant cockroaches
  15 goblins
  13 hobgoblins
  4 jackals (D:4)
  2 quokkas
  5 bats
  3 frilled lizards
  A gnoll zombie (Ossuary)
  2 hobgoblin zombies (Ossuary)
  5 kobolds
  2 kobold zombies (Ossuary)
  3 orc zombies (Ossuary)
  3 rats
124 creatures vanquished.

Vanquished Creatures (others)
  4 plants (D:4)
4 creatures vanquished.

Grand Total: 128 creatures vanquished

Notes
Turn   | Place    | Note
-------+----------+-------------------------------------------
     0 | D:1      | IdlyInterested the Demonspawn Berserker began the quest for
                  | the Orb.
     0 | D:1      | Reached XP level 1. HP: 18/18 MP: 1/1
   262 | D:1      | Gained mutation: You may rarely emit foul miasma when
                  | damaged in melee. [demonic ancestry]
   262 | D:1      | Reached XP level 2. HP: 21/24 MP: 2/2
   414 | D:1      | Reached skill level 1 in Stealth
   878 | D:2      | Gained mutation: You are partially covered in rugged brown
                  | scales. (AC +1, +3% HP) [demonic ancestry]
   878 | D:2      | Reached XP level 3. HP: 22/29 MP: 3/3
   913 | D:2      | Found Opeluhal's Distillery.
  1060 | D:2      | Noticed Robin
  1070 | D:2      | Killed Robin
  1073 | D:2      | Reached ** piety under Trog
  1445 | D:2      | Found a faded altar of an unknown god.
  1645 | D:2      | Bought a potion of curing for 39 gold pieces
  1645 | D:2      | Bought a potion of heal wounds for 65 gold pieces
  1713 | D:3      | Reached XP level 4. HP: 28/36 MP: 4/4
  1773 | D:3      | Found a basalt altar of Yredelemnul.
  1790 | D:3      | Reached skill level 2 in Stealth
  2008 | D:3      | Reached skill level 1 in Throwing
  2038 | D:3      | Gained mutation: You sometimes gain a little power by
                  | taking damage. [demonic ancestry]
  2038 | D:3      | Reached XP level 5. HP: 25/42 MP: 5/5
  2181 | D:2      | Bought a potion of might for 52 gold pieces
  2624 | D:4      | Noticed a lemure
  2624 | D:4      | Noticed a lemure
  2631 | D:4      | Noticed Pikel
  2637 | D:4      | Noticed a lemure
  2639 | D:4      | Noticed a lemure
  2645 | D:4      | Killed Pikel
  2646 | D:4      | Reached skill level 5 in Stealth
  2646 | D:4      | Reached XP level 6. HP: 37/49 MP: 6/6
  2646 | D:4      | Gained mutation: You have a pair of small antennae on your
                  | head. [demonic ancestry]
  2646 | D:4      | Reached XP level 7. HP: 42/55 MP: 7/7
  2652 | D:4      | Found a sand-covered staircase.
  2662 | Ossuary  | Entered an ossuary
  2741 | Ossuary  | HP: 3/82 [mummy (10)]
  3480 | D:4      | Noticed Edmund
  3513 | D:4      | Killed Edmund
  3767 | D:4      | Noticed Grinder
  3781 | D:4      | Killed Grinder
  3782 | D:4      | Reached skill level 5 in Short Blades
  3782 | D:4      | Reached XP level 8. HP: 61/61 MP: 8/8
  3914 | D:4      | Reached skill level 6 in Stealth
  4645 | D:2      | Bought a potion of invisibility for 104 gold pieces
  4645 | D:2      | Bought a potion of cancellation for 104 gold pieces
  4645 | D:2      | Bought 2 potions of attraction for 78 gold pieces
  4704 | D:5      | Entered Level 5 of the Dungeon
  4813 | D:5      | Noticed Blork the orc
  4813 | D:5      | Noticed Duvessa
  4813 | D:5      | Noticed Dowan
  4816 | D:5      | Found a staircase to the Ecumenical Temple.
  4823 | D:5      | Killed Blork the orc
  4832 | D:5      | Killed Duvessa
  4847 | D:5      | Killed Dowan
  4862 | D:5      | Reached skill level 7 in Stealth
  4865 | D:5      | Reached skill level 1 in Evocations
  4906 | D:5      | Reached *** piety under Trog
  4956 | D:5      | Found a bloodstained altar of Trog.
  4994 | Temple   | Entered the Ecumenical Temple
  5318 | D:5      | Found a shimmering blue altar of Sif Muna.
  5432 | D:5      | Noticed Eustachio
  5447 | D:5      | Killed Eustachio
  5534 | D:5      | Found a sacrificial altar of Ru.
  5939 | D:2      | Bought a potion of lignification for 39 gold pieces
  5939 | D:2      | Bought a potion of heal wounds for 65 gold pieces
  6032 | D:6      | Found a burning altar of Makhleb.
  6073 | D:6      | Gained mutation: You sometimes emit foul miasma when
                  | damaged in melee. [demonic ancestry]
  6073 | D:6      | Reached XP level 9. HP: 6/66 MP: 9/9
  6076 | D:6      | HP: 1/99 [scorpion (6)]
  6077 | D:6      | Slain by an adder

Illustrated notes

Levels and vault maps discovered:
D:1:      saegor_arrival_simple_a, layout_loops_cross, minmay_bisected
D:2:      layout_basic, hellmonk_ecumenical_altar_run_dry, serial_shops,
          nicolae_shop_trees, uniq_robin
D:3:      layout_loops_ring, lemuel_round_altar
D:4:      layout_loops_corners, serial_bayou, serial_bayou_pond_c,
          serial_bayou_shore_a, serial_bayou_pond_c, serial_bayou_shore_b,
          serial_bayou_pond_d, serial_bayou_pond_b, enter_ossuary_3, uniq_pikel,
          uniq_grinder, uniq_edmund
D:5:      layout_loops_cross, amcnicky_altar_gilded, nicolae_overflow_squiral,
          minmay_temple_entry_stoned_glass, uniq_blork_the_orc, uniq_duvessa,
          uniq_eustachio
D:6:      layout_rooms, nicolae_overflow_crystal_walls, minmay_holes,
          guppyfry_early_elven_hall, uniq_maggie
Temple:   hc_temple_tempest_star

Skill      XL: |  1  2  3  4  5  6  7  8 |
---------------+-------------------------+-----
Short Blades   | 3 4 5 6 |  6.0
Stealth        | 1 2 5 7 |  7.8
Armour         | 2 3 |  3.0
Dodging        | 2 3 |  3.0
Throwing       | 1 2 |  2.1
Fighting       | 4 |  4.2
Evocations     | 3 |  3.0

Action                   |  1- 3 |  4- 6 |  7- 9 || total
-------------------------+-------+-------+-------++-------
Melee: Short sword       |    99 |    78 |   261 ||   438
       Punch             |       |       |     3 ||     3
Throw: Stone             |     6 |    28 |       ||    34
Invok: Berserk           |     1 |     2 |     5 ||     8
       Trog's Hand       |       |       |     3 ||     3
  Use: Scroll            |     5 |     3 |     2 ||    10
       Potion            |       |       |     4 ||     4
 Stab: Sleeping          |       |       |     1 ||     1
Armor: Chain mail        |    40 |    30 |    27 ||    97
       Animal skin       |     1 |       |       ||     1
       Leather armour    |       |       |    37 ||    37
Dodge: Dodged            |    24 |    21 |   140 ||   185

Table legend: (Time is in decaauts)
 A = Elapsed time spent in this place.
 B = Non-inter-level travel time spent in this place.
 C = Inter-level travel time spent in this place.
 D = Time resting spent in this place.
 E = Time spent auto-exploring this place.
 F = Levels seen in this place.
 G = Mean time per level.
                   A        B        C        D        E       F      G
               +--------+--------+--------+--------+--------+-----+--------+
         Total |   6080 |   4978 |   1102 |    797 |   2854 |   8 |  760.0 |
       Dungeon |   5260 |   4177 |   1083 |    483 |   2603 |   6 |  876.7 |
        Temple |    255 |    236 |     19 |      0 |    208 |   1 |  255.0 |
       Ossuary |    564 |    564 |      0 |    314 |     43 |   1 |  564.0 |
               +--------+--------+--------+--------+--------+-----+--------+

Top non-repeatable levels by time:
     D:4: 1597 daAuts
     D:2: 1097 daAuts
     D:3: 838 daAuts
     D:5: 838 daAuts
     D:1: 838 daAuts
 Ossuary: 564 daAuts
  Temple: 255 daAuts
     D:6: 51 daAuts
